 Dungeon Crawl Stone Soup version 0.32-a0-314-g526f7d4993 (webtiles) character file.

Game seed: 5505416627547600436

1732 timneilson the Ruffian (level 9, -4/61 HPs)
             Began as an Octopode Shapeshifter on Feb 15, 2024.
             Shot with an arrow by a centaur (16 damage)
             ... on level 6 of the Dungeon.
             The game lasted 00:09:37 (5456 turns).

timneilson the Ruffian (Octopode Shapeshifter)      Turns: 5456, Time: 00:09:37

Health: -4/61      AC:  1    Str: 23    XL:     9   Next: 5%
Magic:  9/9        EV: 14    Int: 12    God:
Gold:   361        SH:  5    Dex: 12    Spells: 8/8 levels left

rFire   . .          .
                       - Unarmed
rCold   . . .        (no shield)
rNeg    . . .        (helmet currently unavailable)
rPois   .            h - amulet of reflection
rElec   .            f - +6 ring of strength
rCorr   .            k - ring of wizardry
SInv    .            (no ring)
Will    .....        (no ring)
Stlth   ++++         (no ring)
HPRegen 0.30/turn    (no ring)
MPRegen 0.11/turn    (no ring)
                     (no ring)

%: reflection, wizardry (x1)
@: beast-form
A: beast (slay +3), almost no armour, amphibious, 8 rings, camouflage 1,
gelatinous body 1, (nimble swimmer 1), tentacles
a: Begin Untransformation


You were on level 6 of the Dungeon.
You were a hulking beast.
You visited 2 branches of the dungeon, and saw 7 of its levels.

You collected 361 gold pieces.

Inventory:

Missiles
 l - 8 poisoned darts (quivered)
Jewellery
 f - a +6 ring of strength (left tentacle)
 h - an amulet of reflection (around mantle)
 k - a ring of wizardry (right tentacle)
Talismans
 b - a beast talisman (active)
 c - a flux talisman
 o - a serpent talisman
Wands
 n - a wand of paralysis (6)
Scrolls
 a - 2 scrolls of brand weapon
 m - a scroll of enchant weapon
 p - a scroll of identify
Potions
 d - a potion of invisibility
 e - a potion of curing {unknown}
 g - a potion of mutation
 i - 2 potions of cancellation
 j - a potion of magic {unknown}


   Skills:
 * Level 5.2 Fighting
 * Level 5.3 Dodging
 + Level 5.0 Stealth
 * Level 5.8 Unarmed Combat
 + Level 2.8 Evocations
 * Level 5.5 Shapeshifting


You had 8 spell levels left.
You didn't know any spells.
Your spell library contained the following spells:

 Spells                   Type           Power      Damage    Failure   Level
 Necrotise                Necr           0%         1d4       13%         1
 Vampiric Draining        Necr           0%         2d6       36%         3
 Martyr's Knell           Necr/Summ      0%         N/A       75%         4
 Curse of Agony           Necr           0%         N/A       97%         5


Dungeon Overview and Level Annotations

Branches:
Dungeon (6/15)             Temple (1/1) D:6

Altars:
Ashenzari
Cheibriados
Dithmenos
Elyvilon
Fedhas
Hepliaklqana
Kikubaaqudgha
Nemelex Xobeh
Okawaru
Qazlal
Ru
Sif Muna
Trog
Uskayaw
Vehumet
Wu Jian
Yredelemnul
The Shining One

Shops:
D:1 [   D:4 [=((


Innate Abilities, Weirdness & Mutations

You are a hulking beast.
Your limbs bulge with bestial killing power. (Slay +3)
You cannot wear most types of armour.
You are amphibious.
You can wear up to eight rings at the same time.
Your skin changes colour to match your surroundings (Stealth+).
Your rubbery body absorbs attacks. (AC +1, EV +1)
((You are camouflaged when in or above water. (Stealth+)))
You have tentacles for arms and can constrict up to eight enemies at once.


Message History

The dart slug is severely wounded.
You constrict the dart slug. You tentacle-slap the dart slug.
You kill the dart slug!
You see here a dart slug corpse.
Found a scroll of identify.
You see here a serpent talisman.
o - a serpent talisman
Found a stone staircase leading down.
p - a scroll of identify A howler monkey comes into view.
The howler monkey howls!
You barely miss the howler monkey. You grab the howler monkey.
You squeeze the howler monkey!
The howler monkey is heavily wounded.
You constrict the howler monkey.
The howler monkey hits you but does no damage.
You bludgeon the howler monkey!
You kill the howler monkey!
You see here a howler monkey corpse.
There is an open door here.
There is an open door here.
Found a stone staircase leading up.
A centaur comes into view.
The centaur shouts!
The centaur wields a +0 orcbow.
The centaur shoots an arrow.
The arrow completely misses you.
The centaur shoots an arrow.
The arrow hits you!
The centaur shoots an arrow.
The arrow hits you!
The centaur shoots an arrow.
The arrow hits you!
The centaur shoots an arrow.
The arrow completely misses you.
The centaur shoots an arrow.
The arrow hits you!
* * * LOW HITPOINT WARNING * * *
The centaur shoots an arrow.
You block the arrow with an invisible shield... and reflect it back!
The arrow hits the centaur!
The centaur shoots an arrow.
The arrow hits you!
* * * LOW HITPOINT WARNING * * *
The centaur shoots an arrow.
The arrow hits you!
You die...

...>.....................
..##.#...........#.......
........###......#.......
.................########
....###.................
....#.~~~..#####....####
.....~≈≈≈~######....#
#....~≈.~~_#........#
#....~≈≈≈†##....h...#
#...#.~~~..#....../.#
######...###....c.###
#...########## ###
#..........# ..#
#..........# ..#
#..........#
..####..........# #...##
# .....###........#
###....# ..


You could see a centaur.

Vanquished Creatures
  A water moccasin (D:5)
  An ice beast (D:6)
  A sky beast (D:3)
  An ogre (D:4)
  A black bear (D:5)
  A centaur (D:6)
  5 scorpions (D:5)
  A howler monkey (D:6)
  7 hounds
  2 jellies
  2 gnoll boudas (D:5)
  3 iguanas
  Terence (D:3)
  An orc wizard (D:4)
  Robin (D:3)
  14 gnolls
  5 adders
  2 shadow imps
  A white imp (D:6)
  3 ufetubi
  A dart slug (D:6)
  3 orcs
  9 ball pythons
  4 bats
  7 endoplasms
  3 giant cockroaches
  15 goblins
  8 hobgoblins
  3 jackals (D:1)
  4 quokkas
  2 frilled lizards
  6 kobolds
  5 rats
124 creatures vanquished.

Notes
Turn   | Place    | Note
-------+----------+-------------------------------------------
     0 | D:1      | timneilson the Octopode Shapeshifter began the quest for
                  | the Orb.
     0 | D:1      | Reached XP level 1. HP: 13/13 MP: 1/1
   132 | D:1      | Reached XP level 2. HP: 18/18 MP: 2/2
   183 | D:1      | Reached skill level 1 in Stealth
   227 | D:1      | Reached XP level 3. HP: 23/23 MP: 3/3
   428 | D:1      | Found Vesehum's Armour Emporium.
   945 | D:2      | Reached XP level 4. HP: 27/29 MP: 4/4
  1619 | D:3      | Reached XP level 5. HP: 34/34 MP: 5/5
  1624 | D:3      | Noticed Robin
  1638 | D:3      | Killed Robin
  1944 | D:3      | Noticed Terence
  1957 | D:3      | Killed Terence
  2103 | D:3      | Reached XP level 6. HP: 41/41 MP: 6/6
  2116 | D:3      | Found a stormy altar of Qazlal.
  2116 | D:3      | Noticed a sky beast
  2126 | D:3      | Killed a sky beast
  2199 | D:3      | Found a hazy altar of Hepliaklqana.
  2692 | D:4      | Found a shimmering blue altar of Sif Muna.
  2787 | D:4      | Reached XP level 7. HP: 46/46 MP: 7/7
  2830 | D:4      | Found Vuoshu's Weapon Emporium.
  2916 | D:4      | Reached skill level 1 in Evocations
  3151 | D:4      | Found Lumpemub's Jewellery Shop.
  3191 | D:4      | Found Voingil's Antique Weapon Emporium.
  3348 | D:4      | Found Fore's Armour Shoppe.
  3351 | D:4      | Found a hide-covered altar of Uskayaw.
  3595 | D:5      | Entered Level 5 of the Dungeon
  3737 | D:5      | Reached skill level 5 in Unarmed Combat
  3737 | D:5      | Reached XP level 8. HP: 38/54 MP: 8/8
  4150 | D:5      | Reached skill level 5 in Shapeshifting
  4161 | D:5      | Found a white marble altar of Elyvilon.
  4162 | D:5      | Found a sparkling altar of Nemelex Xobeh.
  4190 | D:5      | Found an ornate altar of the Wu Jian Council.
  4191 | D:5      | Found a radiant altar of Vehumet.
  4392 | D:5      | Found a glowing golden altar of the Shining One.
  4562 | D:5      | HP: 2/54 [hound (6)]
  4883 | D:5      | Reached skill level 5 in Dodging
  5125 | D:6      | Reached skill level 5 in Fighting
  5274 | D:6      | Found a staircase to the Ecumenical Temple.
  5288 | Temple   | Entered the Ecumenical Temple
  5311 | D:6      | Reached skill level 5 in Stealth
  5311 | D:6      | Reached XP level 9. HP: 50/61 MP: 9/9
  5365 | D:6      | Found a snail-covered altar of Cheibriados.
  5456 | D:6      | Shot with an arrow by a centaur

Illustrated notes

Levels and vault maps discovered:
D:1:      onia_arrival_pyramid, layout_basic, serial_shops, shop,
          minmay_misc_feat_plants
D:2:      layout_basic, chequers_mini_garden
D:3:      layout_basic, nicolae_qazlal_beasts_of_the_sky,
          worldfamousw_hep_ancestral_shrine, minmay_misc_feat_ornament,
          reono_crystal_passage, uniq_terence, uniq_robin
D:4:      layout_cave_pools, kennysheep_orc_sif_temple, kennysheep_mini_moat,
          serial_shops, shop, shop, nicolae_shop_statue_plus,
          nicolae_shop_window_shopping, kennysheep_small_circle
D:5:      layout_loops_ring, nicolae_overflow_hidden_temple,
          nicolae_tso_swordbearing_angel, nicolae_grassy_gnolls
D:6:      wad_crossroads, layout_basic, kennysheep_slug_shrine,
          minmay_temple_entry_crystal_x
Temple:   pf_temple_reverse_labyrinth

Skill      XL: |  1  2  3  4  5  6  7  8 |
---------------+-------------------------+-----
Stealth        | 1 2 3 5 |  5.0
Fighting       | 2 3 4 5 |  5.2
Dodging        | 3 4 5 |  5.3
Unarmed Combat | 4 5 |  5.8
Shapeshifting  | 4 5 |  5.5
Evocations     | 1 2 |  2.8

Action                     |  1- 3 |  4- 6 |  7- 9 || total
---------------------------+-------+-------+-------++-------
  Melee: Unarmed           |    48 |    91 |   135 ||   274
         Tentacles         |    12 |    18 |    35 ||    65
         Constrict         |    12 |    18 |    29 ||    59
         Punch             |       |     2 |     8 ||    10
    Use: Scroll            |     4 |     3 |     5 ||    12
         Potion            |       |     1 |     1 ||     2
   Stab: Sleeping          |     5 |     9 |     7 ||    21
         Distracted        |       |     1 |       ||     1
 Armour: Skin              |    19 |    21 |    74 ||   114
  Dodge: Dodged            |    28 |    33 |    71 ||   132
  Block: Other             |     2 |    14 |    24 ||    40
         Reflection        |       |       |     2 ||     2

Table legend: (Time is in decaauts)
 A = Elapsed time spent in this place.
 B = Non-inter-level travel time spent in this place.
 C = Inter-level travel time spent in this place.
 D = Time resting spent in this place.
 E = Time spent auto-exploring this place.
 F = Levels seen in this place.
 G = Mean time per level.
                   A        B        C        D        E       F      G
               +--------+--------+--------+--------+--------+-----+--------+
         Total |   5433 |   5253 |    180 |   1007 |   3107 |   7 |  776.1 |
       Dungeon |   5431 |   5251 |    180 |   1007 |   3107 |   6 |  905.2 |
        Temple |      1 |      1 |      0 |      0 |      0 |   1 |    1.0 |
               +--------+--------+--------+--------+--------+-----+--------+

Top non-repeatable levels by time:
     D:5: 1477 daAuts
     D:3: 1154 daAuts
     D:2: 833 daAuts
     D:4: 818 daAuts
     D:1: 776 daAuts
     D:6: 371 daAuts
  Temple: 1 daAuts
